 Dungeon Crawl Stone Soup version 0.29-a0-909-g30c7767f5c (webtiles) character file.

Game seed: 8339063251662581634

2324 BlueGoblin the Ruffian (level 9, -5/66 HPs)
             Began as a Demonspawn Fighter on July 25, 2022.
             Was an Initiate of Ru.
             Engulfed by a steam dragon's steam (9 damage)
             ... on level 7 of the Dungeon.
             The game lasted 00:19:42 (7046 turns).

BlueGoblin the Ruffian (Demonspawn Fighter)         Turns: 7046, Time: 00:19:43

Health: -5/66      AC:  9    Str: 21    XL:     9   Next: 19%
Magic:  0/14       EV: 12    Int: 10    God:    Ru [......]
Gold:   266        SH:  0    Dex: 12    Spells: 12/15 levels left

rFire   . . .      SeeInvis .     - Unarmed
rCold   . . .      Faith    .   (no shield)
rNeg    + + .      Spirit   +   q - +3 ring mail {rN+}
rPois   .          Reflect  .   (no helmet)
rElec   .          Harm     .   (no cloak)
rCorr   .          Rampage  .   (no gloves)
Will    .....                   (no boots)
Stlth   +.........              j - amulet of guardian spirit
HPRegen 0.21/turn               g - ring of wizardry
MPRegen 0.14/turn               f - ring of positive energy

@: invisible
A: powered by death 1, sturdy frame 1, demonic magic 2, demonic touch 1
a: Renounce Religion


You were on level 7 of the Dungeon.
You worshipped Ru.
Ru was noncommittal.
You visited 2 branches of the dungeon, and saw 8 of its levels.

You collected 266 gold pieces.

Inventory:

Hand Weapons
 a - the +3 sling of Analysis {vorpal, Will+ Int+4}
   (You found it on level 5 of the Dungeon)

   Any ammunition fired from it inflicts extra damage upon your enemies.
   Int:       It affects your intelligence (+4).
   Will:      It increases your willpower.
Armour
 b - a +0 scale mail
 c - a +0 buckler
 q - a +3 ring mail of positive energy (worn)
 r - a +0 plate armour
Jewellery
 f - a ring of positive energy (right hand)
 g - a ring of wizardry (left hand)
 j - an amulet of guardian spirit (around neck)
 u - a ring of magical power
Wands
 i - a wand of digging (6)
 s - a wand of paralysis (21)
Scrolls
 l - a scroll of amnesia
 t - 2 scrolls of teleportation
 v - a scroll of magic mapping
Potions
 d - a potion of might
 e - a potion of haste
 m - 2 potions of flight
 p - 2 potions of lignification


   Skills:
 + Level 4.6 Fighting
 - Level 2.0 Maces & Flails
 + Level 5.9 Armour
 + Level 3.3 Dodging
 + Level 3.1 Shields
 + Level 6.3 Unarmed Combat
 + Level 3.6 Spellcasting
 + Level 3.5 Transmutations


You had 12 spell levels left.
You knew the following spells:

 Your Spells              Type           Power      Damage    Failure   Level
a - Beastly Appendage     Tmut           16%        N/A       3%          1
b - Wereblood             Tmut           8%         N/A       4%          2

Your spell library contained the following spells:

 Spells                   Type           Power      Damage    Failure   Level
 Spider Form              Tmut/Pois      5%         N/A       19%         3
 Ozocubu's Armour         Ice            1%         N/A       36%         3
 Metabolic Englaciation   Hex/Ice        0%         N/A       97%         5
 Simulacrum               Ice/Necr       0%         N/A       100%        6


Dungeon Overview and Level Annotations

Branches:
Dungeon (7/15)             Temple (1/1) D:6

Altars:
Ashenzari
Cheibriados
Dithmenos
Fedhas
Gozag
Hepliaklqana
Kikubaaqudgha
Makhleb
Nemelex Xobeh
Okawaru
Qazlal
Ru
Sif Muna
Trog
Uskayaw
Vehumet
Xom
Yredelemnul

Shops:
D:5 *   D:6 =(   D:7 [


Innate Abilities, Weirdness & Mutations

You regenerate a little health from kills.
Your movements are slightly less encumbered by armour. (ER -2)
Spells you cast may paralyse nearby enemies.
Your touch may inflict minor irresistible damage on your foes.


Message History

Malevolent energies surge around you.
You are engulfed in a cloud of scalding steam.
The steam dragon bites you.
* * * LOW HITPOINT WARNING * * *
The steam dragon claws you but does no damage.
You feel better. The steam dragon closely misses you.
The steam dragon claws you.
Okay, then.
Unknown command.
Casting: Beastly Appendage (safe; 3% risk of failure)
Press: ? - help, Q - select action, (/) - cycle Dir - look around, f - activate You fail to extend your transformation any further.
Malevolent energies surge around you. The steam dragon breathes steam at you.
The ball of steam hits you!
You hit the steam dragon but do no damage.
You claw the steam dragon, but do no damage.
You are engulfed in a cloud of scalding steam.
* * * LOW HITPOINT WARNING * * *
The steam dragon bites you but does no damage.
The steam dragon closely misses you.
You hit the steam dragon. Your kick misses the steam dragon.
The steam dragon is moderately wounded.
You hear the quick hiss of an avalanche of sand very nearby.
You are engulfed in a cloud of scalding steam.
The steam dragon breathes steam at you. The ball of steam hits you!
* * * LOW HITPOINT WARNING * * *
It was a potion of attraction.
You feel attractive to monsters. The steam dragon closely misses you.
The steam dragon claws you but does no damage.
It was a potion of cancellation.
Your magical effects are unravelling.
You feel magically purged.
Your horns disappear.
Your talons disappear.
The steam dragon breathes steam at you. The ball of steam misses you.
You feel less attractive to monsters.
You fade into invisibility!
You die...

#......#
#......#
#...####
##.#####
#...§..#######
#.............
..
..######.§^.....
..
........§.....+.
..
.......@.....#..
..
......D......# .
. .............+
+#...........#
#######>......
#........
#........
.......


You could see a steam dragon (unable to see you, catching breath).

Vanquished Creatures
  Grinder (D:4)
  Menkaure (D:5)
  An ice beast (D:5)
  An ogre (D:5)
  A sky beast (D:6)
  2 black bears
  A centaur (D:6)
  A phantom (D:6)
  A kobold brigand (D:6)
  2 bullfrogs (D:6)
  3 scorpions
  4 wights (D:7)
  2 quasits (D:5)
  2 hounds
  2 jellies
  2 orc priests
  6 iguanas
  Ijyb (D:4)
  6 orc wizards
  8 adders
  3 shadow imps (D:5)
  2 white imps
  2 worms
  3 dart slugs
  25 orcs
  A ball python (D:5)
  10 bats
  3 endoplasms
  5 giant cockroaches
  5 goblins
  4 hobgoblins
  6 jackals
  4 quokkas
  3 frilled lizards (D:1)
  9 kobolds
  4 rats
137 creatures vanquished.

Vanquished Creatures (others)
  6 demonic plants (D:5)
  13 plants (D:3)
19 creatures vanquished.

Grand Total: 156 creatures vanquished

Notes
Turn   | Place    | Note
-------+----------+-------------------------------------------
     0 | D:1      | BlueGoblin the Demonspawn Fighter began the quest for the
                  | Orb.
     0 | D:1      | Reached XP level 1. HP: 18/18 MP: 1/1
   208 | D:1      | Gained mutation: Your touch may inflict minor irresistible
                  | damage on your foes. [demonic ancestry]
   208 | D:1      | Reached XP level 2. HP: 22/24 MP: 2/2
   550 | D:1      | Found a faded altar of an unknown god.
  1034 | D:2      | Gained mutation: You regenerate a little health from kills.
                  | [demonic ancestry]
  1034 | D:2      | Reached XP level 3. HP: 27/29 MP: 3/3
  2124 | D:2      | Gained mutation: Spells you cast may paralyse adjacent
                  | enemies. [demonic ancestry]
  2124 | D:2      | Reached XP level 4. HP: 35/35 MP: 4/4
  2126 | D:2      | Learned a level 1 spell: Beastly Appendage
  2129 | D:2      | Learned a level 2 spell: Wereblood
  2420 | D:3      | Reached skill level 1 in Unarmed Combat
  3245 | D:3      | Reached XP level 5. HP: 37/42 MP: 5/5
  3499 | D:4      | Noticed Grinder
  3513 | D:4      | Killed Grinder
  3514 | D:4      | Reached skill level 1 in Dodging
  3514 | D:4      | Reached skill level 2 in Unarmed Combat
  3514 | D:4      | Gained mutation: Spells you cast may paralyse nearby
                  | enemies. [demonic ancestry]
  3514 | D:4      | Reached XP level 6. HP: 30/48 MP: 6/6
  4009 | D:4      | Noticed Ijyb
  4023 | D:4      | Killed Ijyb
  4024 | D:4      | Reached skill level 3 in Unarmed Combat
  4250 | D:4      | Found a shadowy altar of Dithmenos.
  4255 | D:4      | Found an ancient bone altar of Kikubaaqudgha.
  4258 | D:4      | Found a snail-covered altar of Cheibriados.
  4268 | D:4      | Found an opulent altar of Gozag.
  4446 | D:5      | Entered Level 5 of the Dungeon
  4455 | D:5      | Reached skill level 5 in Armour
  4462 | D:5      | Gained mutation: Your movements are slightly less
                  | encumbered by armour. (ER -2) [demonic ancestry]
  4462 | D:5      | Reached XP level 7. HP: 51/53 MP: 5/7
  4746 | D:5      | Reached skill level 4 in Unarmed Combat
  4781 | D:5      | Noticed Menkaure
  4788 | D:5      | Killed Menkaure
  4789 | D:5      | Reached skill level 1 in Spellcasting
  4789 | D:5      | Reached skill level 1 in Transmutations
  4795 | D:5      | Identified the +3 sling of Analysis {vorpal, Will+ Int+4}
  4960 | D:5      | Reached XP level 8. HP: 60/60 MP: 10/10
  5073 | D:5      | Found Toghaass's Serpentskin Sales.
  5235 | D:5      | You fall into a shaft and drop 1 floor!
  5311 | D:6      | Reached skill level 5 in Unarmed Combat
  5612 | D:6      | Found a staircase to the Ecumenical Temple.
  5639 | Temple   | Entered the Ecumenical Temple
  5876 | Temple   | Became a worshipper of Ru the Awakened
  5935 | D:6      | Found Jaust's Weapon Shop.
  6419 | D:6      | Found Xeriv's Jewellery Boutique.
  6542 | D:7      | Found Vofuw's Antique Armour Emporium.
  6637 | D:7      | Reached skill level 6 in Unarmed Combat
  6647 | D:7      | Reached XP level 9. HP: 65/66 MP: 1/13
  7043 | D:7      | HP: 3/66 [steam dragon/ball of steam (10)]
  7046 | D:7      | Engulfed by a steam dragon's steam

Illustrated notes

Levels and vault maps discovered:
D:1:      erik_arrival_blinker_ship, layout_basic, basic_ecumenical_altar
D:2:      layout_basic, nrook_loot_triangle
D:3:      layout_loops_corners, serial_bayou_pond_c
D:4:      layout_basic, nicolae_overflow_hallway_of_the_gods, uniq_grinder,
          uniq_ijyb
D:5:      layout_loops_cross, serial_demonic, serial_demonic_g,
          serial_demonic_b, serial_demonic_c, serial_demonic_c,
          serial_demonic_c, guppyfry_shop_venom, uniq_menkaure
D:6:      layout_loops_cross, minmay_temple_entry_grid, serial_shops,
          nicolae_shop_hallway_stairs, nicolae_stop_n_shop_2
D:7:      layout_gridville, serial_shops, nicolae_stop_n_shop_2,
          chequers_ossuary_entry_cave, minmay_hollow_rounded_squares
Temple:   regret_index_temple_sphere_string

Skill      XL: |  1  2  3  4  5  6  7  8 |
---------------+-------------------------+-----
Maces & Flails | 2 |  2.0
Armour         | 3 4 5 |  5.9
Shields        | 3 |  3.1
Unarmed Combat | 1 2 3 4 6 |  6.3
Dodging        | 1 2 3 |  3.3
Fighting       | 4 |  4.6
Spellcasting   | 1 3 |  3.6
Transmutations | 1 3 |  3.5

Action                   |  1- 3 |  4- 6 |  7- 9 || total
-------------------------+-------+-------+-------++-------
Melee: Flail             |    59 |       |       ||    59
       Touch             |    22 |    37 |    29 ||    88
       Unarmed           |    89 |   166 |   179 ||   434
       Punch             |       |     2 |     6 ||     8
       Kick              |       |     2 |    43 ||    45
       Headbutt          |       |     2 |    31 ||    33
 Fire: Sling             |       |       |    20 ||    20
 Cast: Beastly Appendage |       |     1 |    43 ||    44
Evoke: Wand              |       |       |     7 ||     7
  Use: Scroll            |     1 |     7 |     8 ||    16
       Potion            |       |     2 |     4 ||     6
 Stab: Paralysed         |       |       |    35 ||    35
Armor: Scale mail        |    73 |    68 |       ||   141
       Ring mail         |       |    14 |    77 ||    91
Dodge: Dodged            |    66 |    80 |   106 ||   252
Block: Buckler           |     3 |       |       ||     3

Table legend: (Time is in decaauts)
 A = Elapsed time spent in this place.
 B = Non-inter-level travel time spent in this place.
 C = Inter-level travel time spent in this place.
 D = Time resting spent in this place.
 E = Time spent auto-exploring this place.
 F = Levels seen in this place.
 G = Mean time per level.
                   A        B        C        D        E       F      G
               +--------+--------+--------+--------+--------+-----+--------+
         Total |   7047 |   6654 |    393 |    125 |   5390 |   8 |  880.9 |
       Dungeon |   6788 |   6416 |    372 |    125 |   5180 |   7 |  969.7 |
        Temple |    259 |    238 |     21 |      0 |    210 |   1 |  259.0 |
               +--------+--------+--------+--------+--------+-----+--------+

Top non-repeatable levels by time:
     D:2: 1372 daAuts
     D:3: 1110 daAuts
     D:6: 1086 daAuts
     D:1: 1018 daAuts
     D:4: 961 daAuts
     D:5: 784 daAuts
     D:7: 454 daAuts
  Temple: 259 daAuts
